| TOP OF THE 1ST |
|
Iowa Oaks batting - Pitching for Omaha Storm Chasers : LHP Neal Heaton
|
|
Pitching: LHP Neal Heaton
|
|
|
Batting: SHB Rod Craig
|
0-0: Ball 1-0: Ground out 6-3 (Groundball, 6M, EV 80.0 MPH)
|
|
Batting: RHB Edgar Flores
|
0-0: Foul Ball, location: 2F 0-1: Ground out 5-3 (Groundball, 56S, EV 82.5 MPH)
|
|
Batting: LHB Ronald Little
|
0-0: SINGLE (Line Drive, 9S, EV 98.8 MPH)
|
|
Batting: SHB Mike Turgeon
|
0-0: Called Strike 0-1: Fly out, F8 (Line Drive, 8LM, EV 91.9 MPH)
|
| Top of the 1st over - 0 runs, 1 hit, 0 errors, 1 left on base; Iowa 0 - Omaha 0 |
| BOTTOM OF THE 1ST |
|
Omaha Storm Chasers batting - Pitching for Iowa Oaks : RHP Robert Almeraz
|
|
Pitching: RHP Robert Almeraz
|
|
|
Batting: RHB Jay Schellin
|
0-0: Ball 1-0: Called Strike 1-1: Foul Ball, location: 2F 1-2: Fly out, F6 (Line Drive, 6, EV 70.0 MPH)
|
|
Batting: SHB Rafael Landestoy
|
0-0: Swinging Strike 0-1: Ball 1-1: Ground out U3 (Groundball, 34, EV 95.0 MPH)
|
|
Batting: LHB Mike LaValliere
|
0-0: Called Strike 0-1: Ball 1-1: Swinging Strike 1-2: Ball 2-2: Ground out 6-3 (Groundball, 6, EV 87.5 MPH)
|
| Bottom of the 1st over - 0 runs, 0 hits, 0 errors, 0 left on base; Iowa 0 - Omaha 0 |
| TOP OF THE 2ND |
|
Iowa Oaks batting - Pitching for Omaha Storm Chasers : LHP Neal Heaton
|
|
Batting: RHB Thomas Vessey
|
0-0: Swinging Strike 0-1: Ball 1-1: Called Strike 1-2: Ball 2-2: Foul Ball, location: 2F 2-2: Ground out 5-3 (Groundball, 5L, EV 83.8 MPH)
|
|
Batting: LHB Gary Jones
|
0-0: Ball 1-0: Ball 2-0: Called Strike 2-1: Fly out, F8 (Flyball, 8RD, EV 88.1 MPH)
|
|
Batting: RHB Mike Richardt
|
0-0: Fly out, F4 (Flyball, 34D, EV 90.6 MPH)
|
| Top of the 2nd over - 0 runs, 0 hits, 0 errors, 0 left on base; Iowa 0 - Omaha 0 |
| BOTTOM OF THE 2ND |
|
Omaha Storm Chasers batting - Pitching for Iowa Oaks : RHP Robert Almeraz
|
|
Batting: RHB Eddie Gates
|
0-0: Ball 1-0: Called Strike 1-1: Foul Ball, location: 2F 1-2: Strikes out swinging
|
|
Batting: LHB Donald Elliott
|
0-0: Ball 1-0: Ground out U3 (Groundball, 3, EV 83.1 MPH)
|
|
Batting: RHB Mike Allport
|
0-0: Ground out 6-3 (Groundball, 6, EV 88.8 MPH)
|
| Bottom of the 2nd over - 0 runs, 0 hits, 0 errors, 0 left on base; Iowa 0 - Omaha 0 |
| TOP OF THE 3RD |
|
Iowa Oaks batting - Pitching for Omaha Storm Chasers : LHP Neal Heaton
|
|
Batting: LHB Bob Hamilton
|
0-0: Ball 1-0: Foul Ball, location: 2F 1-1: Ball 2-1: Foul Ball, location: 2F 2-2: Foul Ball, location: 2F 2-2: Strikes out looking
|
|
Batting: LHB Wayne Krenchicki
|
0-0: Ball 1-0: Ball 2-0: Foul Ball, location: 2F 2-1: Fly out, F3 (Flyball, 3D, EV 78.8 MPH)
|
|
Batting: SHB Rod Craig
|
0-0: Ball 1-0: Ball 2-0: Foul Ball, location: 2F 2-1: Foul Ball, location: 2F 2-2: Fly out, F7 (Flyball, 78S, EV 86.9 MPH)
|
| Top of the 3rd over - 0 runs, 0 hits, 0 errors, 0 left on base; Iowa 0 - Omaha 0 |
| BOTTOM OF THE 3RD |
|
Omaha Storm Chasers batting - Pitching for Iowa Oaks : RHP Robert Almeraz
|
|
Batting: SHB Larry Bowa
|
0-0: Ball 1-0: Ball 2-0: Ground out 4-3 (Groundball, 4, EV 86.3 MPH)
|
|
Batting: RHB Odie Davis
|
0-0: Ball 1-0: Fly out, F7 (Line Drive, 7D, EV 92.5 MPH)
|
|
Batting: RHB Kevin Coughlon
|
0-0: Ball 1-0: Foul Ball, location: 2F 1-1: Ball 2-1: Fly out, F3 (Flyball, 3D, EV 78.8 MPH)
|
| Bottom of the 3rd over - 0 runs, 0 hits, 0 errors, 0 left on base; Iowa 0 - Omaha 0 |
| TOP OF THE 4TH |
|
Iowa Oaks batting - Pitching for Omaha Storm Chasers : LHP Neal Heaton
|
|
Batting: RHB Edgar Flores
|
0-0: Ball 1-0: Called Strike 1-1: Called Strike 1-2: Foul Ball, location: 2F 1-2: Foul Ball, location: 2F 1-2: Strikes out swinging
|
|
Batting: LHB Ronald Little
|
0-0: Swinging Strike 0-1: Ball 1-1: Swinging Strike 1-2: Fly out, F3 (Line Drive, 3, EV 74.4 MPH)
|
|
Batting: SHB Mike Turgeon
|
0-0: Called Strike 0-1: Fly out, F7 (Flyball, 7D, EV 90.0 MPH)
|
| Top of the 4th over - 0 runs, 0 hits, 0 errors, 0 left on base; Iowa 0 - Omaha 0 |
| BOTTOM OF THE 4TH |
|
Omaha Storm Chasers batting - Pitching for Iowa Oaks : RHP Robert Almeraz
|
|
Batting: RHB Jay Schellin
|
0-0: Swinging Strike 0-1: Ball 1-1: Swinging Strike 1-2: Foul Ball, location: 2F 1-2: Foul Ball, location: 2F 1-2: Ball 2-2: Foul Ball, location: 2F 2-2: Foul Ball, location: 2F 2-2: Ball 3-2: Foul Ball, location: 2F 3-2: DOUBLE (Groundball, 5L, EV 104.4 MPH)
|
|
Batting: SHB Rafael Landestoy
|
0-0: Called Strike 0-1: Ball 1-1: Swinging Strike 1-2: Foul Ball, location: 2F 1-2: Ball 2-2: Ground out 4-3 (Groundball, 4M, EV 76.9 MPH) Jay Schellin to third
|
|
Batting: LHB Mike LaValliere
|
0-0: Ground out U3 (Groundball, 3S, EV 90.6 MPH)
|
|
Batting: RHB Eddie Gates
|
0-0: Called Strike 0-1: Ball 1-1: Swinging Strike 1-2: Ball 2-2: Fly out, F9 (Flyball, 9, EV 78.8 MPH)
|
| Bottom of the 4th over - 0 runs, 1 hit, 0 errors, 1 left on base; Iowa 0 - Omaha 0 |
| TOP OF THE 5TH |
|
Iowa Oaks batting - Pitching for Omaha Storm Chasers : LHP Neal Heaton
|
|
Batting: RHB Thomas Vessey
|
0-0: Ball 1-0: Called Strike 1-1: Foul Ball, location: 2F 1-2: Foul Ball, location: 2F 1-2: Ball 2-2: SINGLE (Line Drive, 5D, EV 101.9 MPH)
|
|
Batting: LHB Gary Jones
|
0-0: Ball 1-0: Foul Ball, location: 2F 1-1: Foul Ball, location: 2F 1-2: Foul Ball, location: 2F 1-2: Ball 2-2: Ball 3-2: Foul Ball, location: 2F 3-2: Ground out 1-3 (Groundball, P, EV 68.1 MPH) Thomas Vessey to second
|
|
Batting: RHB Mike Richardt
|
0-0: Intentional Walk
|
|
Batting: LHB Bob Hamilton
|
0-0: Fly out, F9 (Flyball, 9D, EV 100.0 MPH) Runner from 2nd tags up, SAFE at 3rd, no throw by RF
|
|
Batting: LHB Wayne Krenchicki
|
0-0: Ball 1-0: Ball 2-0: Called Strike 2-1: Foul Ball, location: 2F 2-2: Ball 3-2: Strikes out looking
|
| Top of the 5th over - 0 runs, 1 hit, 0 errors, 2 left on base; Iowa 0 - Omaha 0 |
| BOTTOM OF THE 5TH |
|
Omaha Storm Chasers batting - Pitching for Iowa Oaks : RHP Robert Almeraz
|
|
Batting: LHB Donald Elliott
|
0-0: Called Strike 0-1: Fly out, F7 (Flyball, 7LM, EV 99.4 MPH)
|
|
Batting: RHB Mike Allport
|
0-0: Called Strike 0-1: Ball 1-1: Ball 2-1: Fly out, F9 (Flyball, 89M, EV 94.4 MPH)
|
|
Batting: SHB Larry Bowa
|
0-0: Ball 1-0: Called Strike 1-1: Swinging Strike 1-2: Ball 2-2: Foul Ball, location: 2F 2-2: Ball 3-2: Fly out, F9 (Flyball, 9LD, EV 85.6 MPH)
|
| Bottom of the 5th over - 0 runs, 0 hits, 0 errors, 0 left on base; Iowa 0 - Omaha 0 |
| TOP OF THE 6TH |
|
Iowa Oaks batting - Pitching for Omaha Storm Chasers : LHP Neal Heaton
|
|
Batting: SHB Rod Craig
|
0-0: Ball 1-0: Called Strike 1-1: Ball 2-1: Fly out, F9 (Flyball, 9, EV 76.3 MPH)
|
|
Batting: RHB Edgar Flores
|
0-0: Ball 1-0: Foul Ball, location: 2F 1-1: Swinging Strike 1-2: Foul Ball, location: 2F 1-2: Ball 2-2: Ball 3-2: Reached on error, E5 (Flyball, 5D, EV 88.8 MPH)
|
|
Batting: LHB Ronald Little
|
0-0: Called Strike 0-1: Called Strike 0-2: Foul Ball, location: 2F 0-2: Ball 1-2: Strikes out looking
|
|
Batting: SHB Mike Turgeon
|
0-0: Ball 1-0: Called Strike 1-1: Foul Ball, location: 2F 1-2: Foul Ball, location: 2F 1-2: Ground out 5-3 (Groundball, 56S, EV 63.8 MPH)
|
| Top of the 6th over - 0 runs, 0 hits, 1 error, 1 left on base; Iowa 0 - Omaha 0 |
| BOTTOM OF THE 6TH |
|
Omaha Storm Chasers batting - Pitching for Iowa Oaks : RHP Robert Almeraz
|
|
Batting: RHB Odie Davis
|
0-0: Ball 1-0: Swinging Strike 1-1: Fly out, F4 (Line Drive, 4, EV 72.5 MPH)
|
|
Batting: RHB Kevin Coughlon
|
0-0: Called Strike 0-1: Ball 1-1: Called Strike 1-2: Strikes out swinging
|
|
Batting: RHB Jay Schellin
|
0-0: Ball 1-0: Ball 2-0: Called Strike 2-1: Swinging Strike 2-2: Foul Ball, location: 2F 2-2: Strikes out swinging
|
| Bottom of the 6th over - 0 runs, 0 hits, 0 errors, 0 left on base; Iowa 0 - Omaha 0 |
| TOP OF THE 7TH |
|
Iowa Oaks batting - Pitching for Omaha Storm Chasers : LHP Neal Heaton
|
|
Batting: RHB Thomas Vessey
|
0-0: Fly out, F4 (Flyball, 4D, EV 96.9 MPH)
|
|
Batting: LHB Gary Jones
|
0-0: Ball 1-0: Ball 2-0: Fly out, F4 (Flyball, 34D, EV 93.1 MPH)
|
|
Batting: RHB Mike Richardt
|
0-0: Called Strike 0-1: Ball 1-1: Ball 2-1: Ground out U3 (Groundball, 23, EV 76.9 MPH)
|
| Top of the 7th over - 0 runs, 0 hits, 0 errors, 0 left on base; Iowa 0 - Omaha 0 |
| BOTTOM OF THE 7TH |
|
Omaha Storm Chasers batting - Pitching for Iowa Oaks : RHP Robert Almeraz
|
|
Batting: SHB Rafael Landestoy
|
0-0: Ball 1-0: SINGLE (Groundball, 56D, EV 104.4 MPH)
|
|
Batting: LHB Mike LaValliere
|
0-0: Called Strike 0-1: Ball 1-1: Ball 2-1: Called Strike 2-2: Ball 3-2: Foul Ball, location: 2F 3-2: SINGLE (Groundball, 6MD, EV 103.8 MPH) Rafael Landestoy to second Rafael Landestoy to third
|
|
Batting: RHB Eddie Gates
|
0-0: Ball 1-0: Called Strike 1-1: SINGLE (Groundball, 34D, EV 99.4 MPH) Rafael Landestoy scores Mike LaValliere to second Runner from 2nd tries for 3rd, SAFE, throw by RF made to third
|
|
Batting: LHB Donald Elliott
|
0-0: Ball 1-0: Fly out, F8 (Flyball, 8RM, EV 95.6 MPH)
|
|
Batting: RHB Mike Allport
|
0-0: Ball 1-0: TRIPLE (Flyball, 78XD, EV 103.1 MPH) Mike LaValliere scores Eddie Gates scores
|
|
Batting: SHB Larry Bowa
|
0-0: Ground out 6-3 (Groundball, 6, EV 88.8 MPH) Mike Allport scores
|
|
Batting: RHB Odie Davis
|
0-0: Swinging Strike 0-1: Ball 1-1: Ball 2-1: Swinging Strike 2-2: SINGLE (Flyball, 6D, EV 86.9 MPH)
|
|
Batting: RHB Kevin Coughlon
|
0-0: Ball 1-0: Ball 2-0: Ball Odie Davis is caught stealing 2nd base 2-4
|
| Bottom of the 7th over - 4 runs, 5 hits, 0 errors, 0 left on base; Iowa 0 - Omaha 4 |
| TOP OF THE 8TH |
|
Iowa Oaks batting - Pitching for Omaha Storm Chasers : LHP Neal Heaton
|
|
Batting: LHB Bob Hamilton
|
0-0: Ground out 4-3 (Groundball, 4, EV 108.1 MPH)
|
|
Batting: LHB Wayne Krenchicki
|
0-0: SINGLE (Groundball, 6D, EV 95.6 MPH)
|
|
Batting: SHB Rod Craig
|
0-0: Ball 1-0: Called Strike 1-1: Ball 2-1: Grounds into double play, 4-6-3 (Groundball, 4, EV 105.6 MPH)
|
| Top of the 8th over - 0 runs, 1 hit, 0 errors, 0 left on base; Iowa 0 - Omaha 4 |
| BOTTOM OF THE 8TH |
|
Omaha Storm Chasers batting - Pitching for Iowa Oaks : RHP Robert Almeraz
|
|
Batting: RHB Kevin Coughlon
|
0-0: Ball 1-0: Ball 2-0: Called Strike 2-1: Foul Ball, location: 2F 2-2: Strikes out looking
|
|
Batting: RHB Jay Schellin
|
0-0: SINGLE (Line Drive, 7S, EV 98.8 MPH)
|
|
Batting: SHB Rafael Landestoy
|
0-0: Ball 1-0: Grounds into double play, 4-6-3 (Groundball, 34, EV 82.5 MPH)
|
| Bottom of the 8th over - 0 runs, 1 hit, 0 errors, 0 left on base; Iowa 0 - Omaha 4 |
| TOP OF THE 9TH |
|
Iowa Oaks batting - Pitching for Omaha Storm Chasers : LHP Neal Heaton
|
|
Batting: RHB Edgar Flores
|
0-0: Ball 1-0: Called Strike 1-1: Ball 2-1: SINGLE (Flyball, 34D, EV 83.8 MPH)
|
|
Batting: LHB Ronald Little
|
0-0: Ball 1-0: SINGLE (Line Drive, 89S, EV 97.5 MPH) Edgar Flores to second
|
|
Batting: SHB Mike Turgeon
|
0-0: Ball 1-0: SINGLE (Groundball, 6MD, EV 94.4 MPH) Edgar Flores to third Ronald Little to second
|
|
Batting: RHB Thomas Vessey
|
0-0: Called Strike 0-1: Grounds into double play, 6-4-3 (Groundball, 6, EV 81.3 MPH) Edgar Flores scores Ronald Little to third
|
|
Batting: LHB Gary Jones
|
0-0: Called Strike 0-1: Ball 1-1: Ball 2-1: Ball 3-1: Foul Ball, location: 2F 3-2: Strikes out swinging
|
| Top of the 9th over - 1 run, 3 hits, 0 errors, 1 left on base; Iowa 1 - Omaha 4 |
|